 Dungeon Crawl Stone Soup version 0.28-a0-925-gd5e1996cdb (webtiles) character file.

Game seed: 9599742117565715471

16 Peloso the Slasher (level 2, -1/25 HPs)
             Began as a Minotaur Gladiator on Nov 26, 2021.
             Slain by an adder (2 damage)
             ... on level 2 of the Dungeon.
             The game lasted 00:02:02 (437 turns).

Peloso the Slasher (Minotaur Gladiator)              Turns: 437, Time: 00:02:03

Health: -1/25      AC:  3    Str: 18    XL:     2   Next: 41%
Magic:  1/1        EV: 12    Int:  5    God:
Gold:   21         SH:  0    Dex: 11    Spells: 1/1 levels left

rFire   . . .      SeeInvis .   a - +0 long sword
rCold   . . .      Faith    .   (no shield)
rNeg    . . .      Spirit   .   b - +0 leather armour
rPois   .          Reflect  .   c - +0 hat
rElec   .          Harm     .   (no cloak)
rCorr   .          Rampage  .   (no gloves)
Will    .....                   (no boots)
Stlth   +.........              (no amulet)
HPRegen 0.08/turn               (no ring)
MPRegen 0.07/turn               (no ring)

@: lethally poisoned (-1 -> -3)
A: horns 2, retaliatory headbutt
a: no special abilities


You were on level 2 of the Dungeon.
You visited 1 branch of the dungeon, and saw 2 of its levels.

You collected 21 gold pieces.

Inventory:

Hand Weapons
 a - a +0 long sword (weapon)
Missiles
 d - 3 throwing nets (quivered)
Armour
 b - a +0 leather armour (worn)
 c - a +0 hat (worn)
Jewellery
 g - an amulet of guardian spirit
Potions
 e - a potion of heal wounds {unknown}
 f - a potion of degeneration {unknown}


   Skills:
 + Level 2.4 Fighting
 + Level 4.0 Long Blades
 + Level 2.1 Throwing
 + Level 0.1 Armour
 + Level 3.8 Dodging


You had one spell level left.
You didn't know any spells.
Your spell library was empty.

Dungeon Overview and Level Annotations

Branches:
Dungeon (2/15)

Altars:


Innate Abilities, Weirdness & Mutations

You have a pair of horns on your head.
You reflexively headbutt those who attack you in melee.


Message History

You see here a bat corpse.
An adder comes into view.
The adder closely misses you. The adder bites you. The adder barely misses you.
The adder barely misses you. The adder bites you but does no damage.
The adder barely misses you. The adder barely misses you. The adder bites you.
You are poisoned.
The adder poisons you!
You feel sick. The adder bites you. The adder bites you but does no damage.
You feel sick. The adder closely misses you.
You feel sick. The adder closely misses you.
You feel sick.
You are no longer poisoned.
The adder bites you. The adder closely misses you. The adder barely misses you.
The adder closely misses you. The adder misses you. You furiously retaliate!
You headbutt the adder, but do no damage.
The adder closely misses you. The adder completely misses you.
The adder bites you. The adder completely misses you.
The adder bites you but does no damage. The adder bites you.
* * * LOW HITPOINT WARNING * * *
You are lethally poisoned!
The adder poisons you!
* * * LOW HITPOINT WARNING * * *
You feel sick. The adder barely misses you.
* * * LOW HITPOINT WARNING * * *
You feel sick. The adder closely misses you. You furiously retaliate!
You headbutt the adder.
* * * LOW HITPOINT WARNING * * *
You feel sick. The adder bites you but does no damage.
* * * LOW HITPOINT WARNING * * *
You feel sick. The adder misses you. You furiously retaliate!
You headbutt the adder. The adder closely misses you.
* * * LOW HITPOINT WARNING * * *
You feel sick. The adder bites you.
You die...

#.# #.# #.#
####.#
####....#
........#
#.....#
#...S@+
#.###.#
#.#...######
#.#..........
##.#.........#
#.............
#...†#+#.#####
#....# .#
#....# .#


You could see an adder.

Vanquished Creatures
  An adder (D:2)
  2 bats
  A giant cockroach (D:1)
  A goblin (D:1)
  A kobold (D:1)
  A ball python (D:1)
  A frilled lizard (D:1)
8 creatures vanquished.

Notes
Turn   | Place    | Note
-------+----------+-------------------------------------------
     0 | D:1      | Peloso the Minotaur Gladiator began the quest for the Orb.
     0 | D:1      | Reached XP level 1. HP: 18/18 MP: 0/0
   195 | D:1      | Reached skill level 4 in Long Blades
   214 | D:2      | Reached XP level 2. HP: 13/25 MP: 1/1
   437 | D:2      | HP: 1/25 [poisoned by an adder]
   437 | D:2      | Slain by an adder

Illustrated notes

Levels and vault maps discovered:
D:1:      lightli_arrival_quake, layout_loops_ring, serial_glass,
          glass_columns_b, glass_columns_b, due_unseen_surprise,
          minmay_strange_pillars, minmay_strange_pillars, minmay_fountain_box,
          grunt_decor_mini_mirrors, kennysheep_decorative_pillar
D:2:      layout_basic, minivault_25, lightli_corner_chamber

Skill      XL: |  1 |
---------------+----+-----
Long Blades    | 4 |  4.0
Fighting       | |  2.4
Throwing       | |  2.1
Armour         | |  0.1
Dodging        | |  3.8

Action                   || total
-------------------------++-------
Melee: Long sword        ||    14
       Headbutt          ||     1
Armor: Leather armour    ||     8
Dodge: Dodged            ||    34

Table legend: (Time is in decaauts)
 A = Elapsed time spent in this place.
 B = Non-inter-level travel time spent in this place.
 C = Inter-level travel time spent in this place.
 D = Time resting spent in this place.
 E = Time spent auto-exploring this place.
 F = Levels seen in this place.
 G = Mean time per level.
                   A        B        C        D        E       F      G
               +--------+--------+--------+--------+--------+-----+--------+
         Total |    439 |    439 |      0 |      0 |    331 |   2 |  219.5 |
       Dungeon |    439 |    439 |      0 |      0 |    331 |   2 |  219.5 |
               +--------+--------+--------+--------+--------+-----+--------+

Top non-repeatable levels by time:
     D:2: 230 daAuts
     D:1: 209 daAuts
